AoeStats
← DXT

Arena

510096955Analyzed
1v1 RM · 3d ago on Sep 29, 2026· 26m 48s· 2 players
Game mode
Random Map
Map size
Tiny (2 player)
Population
200
Speed
Normal
Resources
Standard
Victory
Conquest
Starting age
Dark Age
Ending age
Imperial Age
RankedLock teamsTeams togetherTeam positionsShared explorationLock speedFull tech treeHidden civsTurbo modeCheats
Victory
Defeat
🇨🇴 Hindustanis · Colombia
538
+17
🇨🇳 Georgians · China
552
-17
TITO-tech
5:26 Loom
14:39 Feudal Age
15:52 Double-Bit Axe
16:50 Gold Mining
19:03 Castle Age
17:40 Horse Collar
18:04 Stone Mining
19:31 Wheelbarrow
20:47 Padded Archer Armor
20:38 Fletching
25:07 Crossbowman
DXT
11:58 Feudal Age
15:01 Horse Collar
20:04 Castle Age
18:09 Stone Mining
20:59 Double-Bit Axe
21:19 Heavy Plow
21:13 Gold Mining
23:12 Bow Saw
Connection lost

Rejoining the realm…

Still unreachable

The connection could not be restored.

Session expired

The server has moved on; the page needs a fresh start.